 Dungeon Crawl Stone Soup version 0.17.0-1-g61d176b (webtiles) character file.

39 dysrexia the Stinger (level 3, -3/14 HPs)
             Began as a Felid Venom Mage on Nov 8, 2015.
             Slain by a gnoll
             ... wielding a +0 spear
              (8 damage)
             ... on level 2 of the Dungeon.
             The game lasted 00:05:59 (954 turns).

dysrexia the Stinger (Felid Venom Mage)              Turns: 954, Time: 00:05:59

Health: -3/14      AC:  1    Str:  0    XL:     3   Next: 28%
Magic:  5/7        EV: 23    Int: 17    God:
Gold:   148        SH:  0    Dex: 21    Spells: 1 memorised, 5 levels left
                                        Lives:  0   Deaths: 0

rFire  . . .     SeeInvis +     (weapon unavailable)
rCold  . . .     Clarity  .     (armour unavailable)
rNeg   . . .     SustAt   .     (shield unavailable)
rPois  .         Gourm    .     (helmet unavailable)
rElec  .         Spirit   .     (cloak unavailable)
rCorr  .         Warding  .     (gloves unavailable)
rMut   .         Stasis   .     (boots unavailable)
MR     .....                    (no amulet)
Stlth  ++++......               (no ring)
                                (no ring)

@: agile, slowed, lost strength, slow, not resistant to hostile enchantments,
stealthy
A: no armour, no weapons or thrown items, claws 1, fangs 3, see invisible,
carnivore 3, speed 1, shaggy fur 1, slow metabolism 1, weak 2, sharp paws
a: no special abilities


You were on level 2 of the Dungeon.
You were completely stuffed.

You visited 1 branch of the dungeon, and saw 2 of its levels.

You collected 148 gold pieces.

Inventory:

Jewellery
 d - an uncursed ring of stealth {unknown}
 e - an uncursed ring of stealth {unknown}
Scrolls
 c - 4 scrolls of magic mapping {unknown}
 f - a scroll of identify {unknown}
 h - a scroll of random uselessness {unknown}
 i - a scroll of immolation {unknown}
 j - 2 scrolls of remove curse {unknown}
Books
 a - a Young Poisoner's Handbook

   Spells                             Type                      Level
   a - Sting                          Conjuration/Poison           1
   b - Cure Poison                    Poison                       2
   c - Mephitic Cloud                 Conjuration/Poison/Air       3
   d - Olgreb's Toxic Radiance        Poison                       4
   e - Venom Bolt                     Conjuration/Poison           5
Comestibles
 b - a meat ration
 l - 3 chunks of flesh


   Skills:
 - Level 2.6 Dodging
 + Level 3.3 Stealth
 - Level 2.0 Spellcasting
 * Level 1.6 Conjurations
 * Level 4.0 Poison Magic


You had 5 spell levels left.
You knew the following spells:

 Your Spells              Type           Power        Failure   Level  Hunger
a - Sting                 Conj/Pois      ##..         10%         1    #......


Dungeon Overview and Level Annotations

Branches:
Dungeon (2/15)

Altars:
Cheibriados


Innate Abilities, Weirdness & Mutations

You cannot wear armour.
You are incapable of wielding weapons or throwing items.
You have sharp claws.
You have razor-sharp teeth.
You have supernaturally acute eyesight.
You are carnivorous and can eat meat at any time.
You cover ground quickly.
You are covered in fur (AC +1).
You have a slow metabolism.
Your sharp claws are effective at attacking unaware monsters.
You are very weak. (Str -4)


Message History

The gnoll barely misses you.
The kobold zaps a wand.
You resist with some effort.
The kobold zaps a wand.
You feel as though you will be slow longer.
The gnoll completely misses you.
Drink which item? (? for menu, Esc to quit)
It was a potion of mutation.
You feel extremely strange.
You feel weaker. x2
You have lost your strength.
The gnoll barely misses you. The gnoll barely misses you.
The gnoll hits you but does no damage. The gnoll barely misses you.
You can move again.
Drink which item? (? for menu, Esc to quit)
It was a potion of agility.
You feel agile all of a sudden.
The gnoll hits you from afar with a spear!
Ouch! That really hurt!
You die...

#<......# #...##.# #.# #..#
#.#####.###...##.###.###..# #.#
#....###......[.....#
#.#########.#.##..#####...#
#.##.....# #.###..# #...# ###
#.##.###.###......# #...# K.#
#.##.# #>.....##..# #...# #.#
#..#.###.###.###..#####...# #.#
##.#....Kg.@..............#
#.####........###.###..........#
#.............# .# #.###.#.##.#
######........# .# #..........#
# ##.#.....# .. #.#.#####..# #
#.##......... #..# ..# #
#.##..####....#.# #..# #.##..#
.#.#. .# #.##..# . . #


You could see a gnoll and a kobold.

Vanquished Creatures
  An adder (D:2)
  A gnoll (D:2)
  A giant cockroach (D:1)
  3 hobgoblins (D:1)
  A ball python (D:2)
  A bat (D:2)
  3 giant newts
  5 goblins (D:1)
  5 kobolds (D:1)
  2 rats
23 creatures vanquished.

Notes
Turn   | Place    | Note
--------------------------------------------------------------
     0 | D:1      | dysrexia the Felid Venom Mage began the quest for the Orb.
     0 | D:1      | Reached XP level 1. HP: 7/7 MP: 4/4
   218 | D:1      | Reached skill level 1 in Conjurations
   245 | D:1      | Reached XP level 2. HP: 7/11 MP: 0/6
   805 | D:2      | Reached XP level 3. HP: 14/14 MP: 2/7
   907 | D:2      | Found a snail-covered altar of Cheibriados.
   914 | D:2      | Reached skill level 4 in Poison Magic
   950 | D:2      | Gained mutation: You are weak. (Str -2) [potion of mutation]
   950 | D:2      | Lost strength.
   950 | D:2      | Gained mutation: You are very weak. (Str -4) [potion of mutation]
   954 | D:2      | Slain by a gnoll

Action                   || total
-------------------------++-------
Melee: Unarmed           ||    14
 Cast: Sting             ||    39
  Use: Potion            ||     2
 Stab: Sleeping          ||     1
  Eat: Chunk             ||     8
